 Dungeon Crawl Stone Soup version 0.28-a0-465-ge2dae52223 (webtiles) character file.

Game seed: 10382971276525172978

166 Spaninq the Magician (level 5, -2/35 HPs)
             Began as a Djinni Hedge Wizard on Sept 14, 2021.
             Shot with an arrow by a centaur (8 damage)
             ... on level 3 of the Dungeon.
             The game lasted 00:09:33 (4122 turns).

Spaninq the Magician (Djinni Hedge Wizard)          Turns: 4122, Time: 00:09:34

Health: -2/35      AC:  4    Str:  9    XL:     5   Next: 76%
Gold:   156        EV: 12    Int: 16    God:
                   SH:  0    Dex: 13

rFire   + + .      SeeInvis .   f - +3 dagger
rCold   x . .      Faith    .   (no shield)
rNeg    . . .      Spirit   .   b - +0 robe
rPois   ∞          Reflect  .   j - +0 helmet
rElec   .          Harm     .   (no cloak)
rCorr   .          Rampage  .   e - +0 pair of gloves
Will    .....                   (boots unavailable)
Stlth   ++........              (no amulet)
HPRegen 0.11/turn               (no ring)
MPRegen 0.00/turn               (no ring)

@: flying
A: sickness immunity, fire resistance 2, cold vulnerability 1, float, innate
caster, hp casting, extra vitality 1
a: no special abilities


You were on level 3 of the Dungeon.
You visited 1 branch of the dungeon, and saw 3 of its levels.

You collected 156 gold pieces.

Inventory:

Hand Weapons
 f - a +3 dagger (weapon)
Missiles
 i - 13 stones
Armour
 b - a +0 robe (worn)
 e - a +0 pair of gloves (worn)
 j - a +0 helmet (worn)
Scrolls
 a - 2 scrolls of magic mapping
 g - 4 scrolls of enchant armour
 k - a scroll of noise {unknown}
Potions
 c - a potion of mutation {unknown}
 d - a potion of ambrosia {unknown}
 h - a potion of cancellation {unknown}


   Skills:
 - Level 2.1 Dodging
 - Level 1.5 Stealth
 + Level 4.6 Spellcasting


You couldn't memorise any spells.
You knew the following spells:

 Your Spells              Type           Power      Damage    Failure   Level
a - Magic Dart            Conj           72%        1d6       2%          1
b - Scorch                Fire           36%        2d6       3%          2
c - Call Imp              Summ           18%        N/A       3%          2
d - Slow                  Hex            18%        N/A       3%          2
e - Conjure Flame         Conj/Fire      18%        6-21      7%          3
f - Mephitic Cloud        Conj/Pois/Air  18%        N/A       7%          3
g - Sandblast             Erth           36%        2d10      2%          1
h - Blink                 Tloc           N/A        N/A       3%          2
Your spell library was empty.

Dungeon Overview and Level Annotations

Branches:
Dungeon (3/15)

Altars:
Wu Jian

Shops:
D:1 !   D:2 (*(*

Annotations:
D:3 exclusion: ice beast


Innate Abilities, Weirdness & Mutations

You are immune to sickness and miasma.
You are immune to poison.
Your flesh is very heat resistant. (rF++)
You are vulnerable to cold. (rC-)
You float through the air rather than walking.
You learn spells naturally, not from books.
Your magical power is your life essence.
You have superior vitality. (+4 HP)


Message History

You kill the adder!
You start resting.
HP restored.
A goblin comes into view. It is wielding a +0 dagger.
A worm comes into view.
Found a robe.
The goblin shouts!
Casting: Scorch (safe; 3% risk of failure)
Confirm with . or Enter, or press ? or * to list all spells.
Flames lash the goblin.
You kill the goblin!
Casting: Scorch (safe; 3% risk of failure)
Confirm with . or Enter, or press ? or * to list all spells.
Flames lash the worm.
The worm is heavily wounded.
The worm's fire resistance burns away.
Casting: Scorch (safe; 3% risk of failure)
Confirm with . or Enter, or press ? or * to list all spells.
Flames lash the worm.
The worm is burned terribly!
You kill the worm!
You start resting.
HP restored.
You see here a worm corpse.
Things that are here:
a +0 dagger; a goblin corpse You reach down and open the door.
Found 26 sling bullets and a runed hunting sling.
An adder, 2 hobgoblins, a kobold and a centaur come into view.
The kobold shouts!
The centaur wields a +0 shortbow.
The centaur shoots an arrow.
The arrow hits you!
The kobold throws a stone.
The stone misses you.
There is an open door here.
The centaur shoots an arrow.
The arrow hits you!
The centaur shoots an arrow.
The arrow hits you!
* * * LOW HITPOINT WARNING * * *
The kobold throws a stone.
The stone barely misses you.
There is an open door here.
The hobgoblin shouts!
The centaur shoots an arrow.
The arrow hits you!
You die...

###.####....####........#####.#.#
............# #............#.#.#
............# #............#...#
............# #............##..#
########....# #........#####....
###### ########## #.... #...
##.[.## #.... .g...#####.....#
#.... ..8.....@...8..# #....
....##'##.....# #.... .
#(..##...## ####.
#.....##)############
#.......#†#........# #
#...)...#.#.###....# # #
#...c...#.#........# #
##.##.K..S##.#####....### #
#...##...##...## ##.#....


You could see a centaur, a hobgoblin and a kobold.

Vanquished Creatures
  An iguana (D:3)
  An orc wizard (D:3)
  5 adders
  3 worms
  2 dart slugs
  2 orcs (D:3)
  5 ball pythons
  4 endoplasms
  3 giant cockroaches
  7 goblins
  4 hobgoblins
  3 quokkas
  5 bats
  4 frilled lizards
  5 kobolds
  6 rats
  A spectral hobgoblin (D:3)
61 creatures vanquished.

Vanquished Creatures (others)
  5 plants (D:1)
5 creatures vanquished.

Grand Total: 66 creatures vanquished

Notes
Turn   | Place    | Note
-------+----------+-------------------------------------------
     0 | D:1      | Spaninq the Djinni Hedge Wizard began the quest for the
                  | Orb.
     0 | D:1      | Reached XP level 1. HP: 15/15 MP: 0/0
   387 | D:1      | Reached XP level 2. HP: 18/21 MP: 0/0
   597 | D:1      | Reached skill level 3 in Spellcasting
   942 | D:1      | Found Reimek's Distillery.
   953 | D:1      | Reached XP level 3. HP: 22/25 MP: 0/0
   953 | D:1      | Learned a level 1 spell: Sandblast
  1453 | D:2      | Found Yfastrasm's Antique Weapon Emporium.
  1454 | D:2      | Found Zaesua Wuecw's General Store.
  2135 | D:2      | Reached XP level 4. HP: 26/31 MP: 0/0
  2346 | D:2      | Found Roreock's Antique Weapon Shoppe.
  2595 | D:2      | Found Zoqu's Assorted Antiques.
  2800 | D:3      | Reached skill level 4 in Spellcasting
  3176 | D:3      | Found a faded altar of an unknown god.
  3271 | D:3      | Noticed an ice beast
  3385 | D:3      | Reached XP level 5. HP: 32/35 MP: 0/0
  3385 | D:3      | Learned a level 2 spell: Scorch
  3851 | D:3      | Found an ornate altar of the Wu Jian Council.
  4119 | D:3      | Noticed a centaur
  4122 | D:3      | Shot with an arrow by a centaur

Illustrated notes

Levels and vault maps discovered:
D:1:      tarquinn_simple_flora_water_d, layout_basic, serial_shops,
          nicolae_shop_waterfront, corner_web_ring, chequers_big_river
D:2:      layout_basic, serial_shops, nicolae_shop_behind_doors,
          nicolae_shop_crystal, shop, nicolae_lakefront_shop
D:3:      minmay_octagon_keep, layout_basic,
          nicolae_wu_jian_immortal_techniques,
          dreamdust_ecumenical_altar_drowned_temple, minmay_misc_feat_columns

Skill      XL: |  1  2  3  4 |
---------------+-------------+-----
Spellcasting   | 3 4 |  4.6
Dodging        | |  2.1
Stealth        | |  1.5

Action                   |  1- 3 |  4- 6 || total
-------------------------+-------+-------++-------
Melee: Dagger            |    24 |     6 ||    30
 Cast: Magic Dart        |    73 |    64 ||   137
       Sandblast         |     2 |       ||     2
       Scorch            |       |    14 ||    14
  Use: Scroll            |       |     2 ||     2
Armor: Robe              |     4 |     2 ||     6
Dodge: Dodged            |    22 |    10 ||    32

Table legend: (Time is in decaauts)
 A = Elapsed time spent in this place.
 B = Non-inter-level travel time spent in this place.
 C = Inter-level travel time spent in this place.
 D = Time resting spent in this place.
 E = Time spent auto-exploring this place.
 F = Levels seen in this place.
 G = Mean time per level.
                   A        B        C        D        E       F      G
               +--------+--------+--------+--------+--------+-----+--------+
         Total |   4122 |   4038 |     84 |   1100 |   2488 |   3 | 1374.0 |
       Dungeon |   4122 |   4038 |     84 |   1100 |   2488 |   3 | 1374.0 |
               +--------+--------+--------+--------+--------+-----+--------+

Top non-repeatable levels by time:
     D:1: 1503 daAuts
     D:3: 1392 daAuts
     D:2: 1226 daAuts
